[Event "*** Titled Tuesday Blitz"]
[Site "Chess.com"]
[Date "2020.04.07"]
[Round "1"]
[White "Teidi96"]
[Black "enriquetejedor"]
[Result "1-0"]
[WhiteElo "2224"]
[BlackElo "2538"]
[TimeControl "180+1"]
[EndTime "13:08:51 PDT"]
[Termination "Teidi96 won by checkmate"]

1. e4 c5 2. Nf3 e6 3. d3 Nc6 4. g3 d5 5. Qe2 g6 6. Bg2 Nge7 7. O-O Bg7 8. c3 b6 9. Nbd2 O-O 10. e5 a5 11. d4 Ba6 12. c4 cxd4 13. b3 Nf5 14. Re1 dxc4 15. Nxc4 d3 16. Qe4 Rc8 17. Bg5 Qd5 18.
Qxd5 exd5 19. Nxb6 Rce8 20. Nxd5 Nxe5 21. Nf6+ Bxf6 22.
Bxf6 Ng4 23. Bc3 a4 24. bxa4 Rxe1+ 25. Rxe1 Rc8 26. Bd2 Rc2 27. h3 Nf6 28. Rc1 Nd5 29. Rxc2 dxc2 30. Ne1 Nb6 31. Nxc2 Nxa4 32. Nb4 Nd6 33.
Nxa6 Nc4 34. Bb4 Kg7 35. a3 Ncb2 36. Nc5 Nxc5 37. Bxc5 Nc4 38. Bb4 Kf6 39. Bd5 Nb6 40. Bb3 Kf5 41. Kf1 f6 42. Ke2 Ke5 43. a4 Nc8 44. a5 Na7 45. a6 Nb5 46. Bc5 f5 47. a7 Nxa7 48. Bxa7 g5 49. Ke3 Kf6 50. f4 h6 51. fxg5+ hxg5 52. Kf3 Kg6 53. Bd4 Kh5 54. Bf7+ Kh6 55. Be6 Kg6 56. Be5 g4+ 57. hxg4 Kg5 58. gxf5 Kh6 59. Kg4 Kh7 60. f6 Kg6 61. f7 Kh7 62.
f8=Q Kg6 63. Qg7# 1-0

[Event "*** Titled Tuesday Blitz"]
[Site "Chess.com"]
[Date "2020.04.07"]
[Round "1"]
[White "XDPS"]
[Black "Chessmatus"]
[Result "1/2-1/2"]
[WhiteElo "2701"]
[BlackElo "2368"]
[TimeControl "180+1"]
[EndTime "13:08:52 PDT"]
[Termination "Game drawn by repetition"]

1. Nf3 Nf6 2. b3 g6 3. Bb2 Bg7 4. g3 O-O 5. Bg2 d5 6. O-O c5 7. e3 Nc6 8. c4 d4 9. Na3 e5 10. exd4 exd4 11. d3 Bf5 12. Nc2 a5 13. a3 Nd7 14. b4 axb4 15. axb4 Rxa1 16. Bxa1 Nde5 17. Nxe5 Nxe5 18. bxc5 Bxd3 19. Re1 Bxc2 20. Qxc2 d3 21. Qb3 Re8 22. Rd1 d2 23. Bd5 Nxc4 24. Bxf7+ Kxf7 25. Qxc4+ Kf8 26. Bxg7+ Kxg7 27. Qc3+ Qf6 28. Qxf6+ Kxf6 29. Rxd2 Rc8 30. Rd7 h5 31. Rxb7 Rxc5 32. Kg2 Rc3 33.
Rb5 Rd3 34. Rb4 Ra3 35. Rf4+ Kg7 36. Rf3 Ra2 37. Re3 Ra1 38. Kf3 Ra2 39. h3 Rb2 40. g4 hxg4+ 41. hxg4 Ra2 42. Kg3 Rb2 43. f3 Ra2 44.
Re5 Kf6 45. Rd5 g5 46. Rd6+ Kg7 47. Re6 Rb2 48. Re5 Kf6 49. Rf5+ Kg6 50. Rc5 Ra2 51.
Rc6+ Kg7 52. Rc1 Rb2 53. Rf1 Kg6 54. Rf2 Rb1 55. Rd2 Rf1 56. Kg2 Ra1 57. Kf2 Ra3 58.
Ke2 Rb3 59. Rd6+ Kg7 60. Rd3 Rb4 61. Ke3 Kf6 62. Rd6+ Ke5 63. Rd3 Ra4 64. Rb3 Rc4 65. Rb5+ Kf6 66. Rd5 Ra4 67. Rd4 Ra3+ 68. Ke4 Ra6 69.
Rb4 Re6+ 70. Kd3 Rd6+ 71. Rd4 Re6 72. Re4 Rd6+ 73. Ke3 Ra6 74. Rc4 Re6+ 75. Kd4 Rd6+ 76. Ke4 Re6+ 77. Kd5 Re3 78. Rc6+ Kg7 79. Rc4 Rxf3 80.
Ke5 Kg6 81. Rc6+ Kg7 82. Rc4 Kg6 83. Rc6+ Kg7 84. Rc7+ Kg6 85. Rc6+ 1/2-1/2

[Event "*** Titled Tuesday Blitz"]
[Site "Chess.com"]
[Date "2020.04.07"]
[Round "1"]
[White "Sajkochess"]
[Black "babadroga92"]
[Result "0-1"]
[WhiteElo "2354"]
[BlackElo "2696"]
[TimeControl "180+1"]
[EndTime "13:08:52 PDT"]
[Termination "babadroga92 won by resignation"]

1. e4 c5 2. Nf3 d6 3. d4 cxd4 4. Nxd4 Nf6 5. Nc3 a6 6. g3 e5 7. Nde2 Be6 8. Bg2 Be7 9. O-O h6 10. h3 Nbd7 11. a4 Qc7 12. Be3 b6 13. b3 Rc8 14. f4 Nc5 15. f5 Bd7 16. b4 Nb7 17. Qd3 a5 18. bxa5 Nxa5 19. Nb5 Qxc2 20. Qxc2 Rxc2 21.
Nec3 Nc4 22. Bf2 O-O 23. Rac1 Rxc1 24. Rxc1 Ra8 25. g4 Bd8 26. Bf1 Nd2 27. Nxd6 Kf8 28.
Bb5 Ke7 29. Bxd7 Kxd7 30. Rd1 Nf3+ 31. Kg2 Nd4 32. Bxd4 Kxd6 33. Bxb6+ Ke7 34. Bxd8+ Rxd8 35. Rxd8 Kxd8 36. Kf3 Kc7 37. Nd5+ Nxd5 38. exd5 f6 39. Ke3 Kb6 40. Kd3 Kc5 41. a5 Kxd5 42. h4 Kc6 43. g5 hxg5 44. hxg5 Kb5 45. Ke4 Kxa5 46. g6 Kb5 47. Kd5 Kb4 48. Ke6 e4 49. Kf7 e3 50.
Kxg7 e2 51. Kxf6 e1=Q 52. g7 Qc3+ 53. Kf7 Qc4+ 54. Kf8 Qc5+ 55. Ke8 Qb5+ 56. Ke7 Qe5+ 57. Kf8 Qxf5+ 58. Ke7 Qg5+ 59. Kf7 Qf5+ 60. Ke8 Qg6+ 61. Kf8 Qf6+ 62. Kg8 Kc5 63. Kh7 Qh4+ 64. Kg8 Kd6 65. Kf7 Qf4+ 0-1

[Event "*** Titled Tuesday Blitz"]
[Site "Chess.com"]
[Date "2020.04.07"]
[Round "1"]
[White "marianokar"]
[Black "Dyadya81"]
[Result "0-1"]
[WhiteElo "2379"]
[BlackElo "2727"]
[TimeControl "180+1"]
[EndTime "13:08:53 PDT"]
[Termination "Dyadya81 won by resignation"]

1. Nf3 d5 2. g3 Nc6 3. c4 d4 4.
Bg2 e5 5. O-O h5 6. h4 a5 7. d3 Bc5 8. Na3 Nge7 9. Nc2 Bf5 10. Rb1 Qd7 11. b3 e4 12. dxe4 Bxe4 13. Ne5 Qf5 14.
Bxe4 Qxe4 15. Nd3 Bb6 16. a3 Qe6 17. c5 Ba7 18. b4 Nd5 19. Nf4 Nxf4 20. Bxf4 axb4 21.
axb4 Rd8 22. Bxc7 Rd7 23. Bd6 Rxd6 24. cxd6 Qxd6 25. Qd3 O-O 26. Kg2 Qd5+ 27. Qf3 Qc4 28. Ne1 Qb5 29. Nd3 Re8 30. Rfc1 Bb8 31. Rc2 Bd6 32.
Nc5 Nxb4 33. Qxb7 Qxb7+ 34. Nxb7 Nxc2 35. Nxd6 Rxe2 36. Rb8+ Kh7 37. Nxf7 d3 38. Ng5+ Kg6 39. Rb6+ Kf5 40. Rb5+ Re5 41. Rxe5+ Kxe5 42. Nf3+ Kd5 43.
Nd2 Kd4 44. Kf3 Ne1+ 45. Kf4 Kc3 46. Ne4+ Kc2 47. f3 Ng2+ 48. Kf5 Ne3+ 49. Kg5 Nd5 50.
Kxh5 Nf6+ 51. Nxf6 gxf6 52. Kg6 d2 53. h5 d1=Q 54. h6 Qxf3 55. h7 Qxg3+ 56. Kxf6 Qc3+ 57. Kf7 Qh8 0-1

[Event "*** Titled Tuesday Blitz"]
[Site "Chess.com"]
[Date "2020.04.07"]
[Round "1"]
[White "TwentyHoursADay"]
[Black "EugeneRougon"]
[Result "1-0"]
[WhiteElo "2438"]
[BlackElo "2717"]
[TimeControl "180+1"]
[EndTime "13:08:54 PDT"]
[Termination "TwentyHoursADay won by resignation"]

1. c4 c6 2. e4 d5 3. exd5 cxd5 4. cxd5 Nf6 5. Nc3 g6 6. Nf3 Bg7 7. d4 O-O 8. Bc4 Nbd7 9. O-O Nb6 10. Bb3 Nfxd5 11.
Re1 Bg4 12. h3 Bxf3 13. Qxf3 e6 14. Be3 Rc8 15. Ne4 Nxe3 16. fxe3 Nd5 17. Nc5 b6 18. Nd3 Qg5 19. Kh1 Ne7 20. Nf4 Nf5 21. Rac1 h5 22.
Kh2 Qe7 23. Rf1 Qd6 24. Kg1 Rxc1 25. Rxc1 Nxe3 26. Kh1 Nf5 27. d5 e5 28. Ne2 Re8 29.
Rc6 Qd7 30. Nc3 Nd4 31. Qe4 f5 32. Qd3 Kh7 33. Rc4 e4 34. Qd1 e3 35. Ba4 b5 36. Rxd4 bxa4 37. Rxa4 e2 38. Nxe2 Rxe2 39. Qxe2 Qxa4 40. d6 Qd4 41. Qe7 Kh6 42. d7 Be5 43.
Qf8+ Bg7 44. d8=Q Qxb2 45. Qfd6 Qa1+ 46. Qd1 Qxa2 47. Q1d2+ Qxd2 48. Qxd2+ Kh7 49. Qa5 Kh6 50. Qxa7 h4 51. Qf7 Be5 52. Kg1 Bg3 53. Kf1 Kg5 54.
Ke2 Be5 55. Kf3 Bg3 56. Qe7+ Kh5 57. Qe6 Kg5 58. Ke2 Kh5 59. Kd3 Kg5 60. Kd4 Bf2+ 61. Kd5 Bg3 62. Kc6 Kf4 63. Qxg6 Ke5 64. Kc5 Ke4 65.
Kc4 Ke5 66. Kd3 Kf4 67. Ke2 Ke4 68. Qe6+ Kf4 69. Qd5 Bf2 70. Kxf2 Kg5 71. Kf3 1-0

[Event "*** Titled Tuesday Blitz"]
[Site "Chess.com"]
[Date "2020.04.07"]
[Round "1"]
[White "RitvarsReimanis"]
[Black "Cocaino74"]
[Result "1-0"]
[WhiteElo "2597"]
[BlackElo "2248"]
[TimeControl "180+1"]
[EndTime "13:08:58 PDT"]
[Termination "RitvarsReimanis won by resignation"]

1. d4 d5 2. c4 e6 3. Nf3 c6 4. e3 Nf6 5. Qc2 Nbd7 6. Nc3 Bd6 7. Bd2 O-O 8. Bd3 dxc4 9. Bxc4 Qe7 10. O-O e5 11.
dxe5 Nxe5 12. Be2 Bg4 13. Nd4 Bxe2 14. Ncxe2 g6 15. a3 a6 16. Ng3 c5 17. Nde2 Rfd8 18.
Rad1 h5 19. Ba5 Rd7 20. Ne4 Nxe4 21. Qxe4 Ng4 22. Qxe7 Bxh2+ 23. Kh1 Rxe7 24. g3 h4 25. gxh4 Be5 26. Bc3 Kg7 27. Kg2 Rh8 28. Rh1 b5 29. Bxe5+ Nxe5 30. b3 c4 31. Nd4 cxb3 32. Nxb3 Nc4 33.
Nc5 a5 34. Rd3 Re5 35. Nb3 g5 36. h5 b4 37. axb4 axb4 38. Nd4 Ra5 39. Rb3 Ra4 40.
h6+ Kg6 41. Rc1 Ne5 42. Rc5 f6 43. Rb5 Ra2 44. R5xb4 Ng4 45. Rb2 Rxb2 46. Rxb2 Rxh6 47. Nf3 Ne5 48. Nxe5+ fxe5 49. e4 Kh5 50. Kg3 Re6 51.
Rb8 Kg6 52. Kg4 Kh6 53. Rg8 Rf6 54. f3 Rf4+ 55. Kg3 Kh5 56. Re8 Kg6 57. Rxe5 Kf6 58.
Ra5 Rh4 59. Ra6+ Kf7 60. Rb6 Kg7 61. Rb2 Rf4 62. Rb7+ Kf6 63. Rb6+ Kf7 64. Rh6 Kg7 65. Rh2 Kf6 66. Re2 Ke5 67. Rd2 g4 68. Rd5+ Ke6 69.
Kxf4 1-0

[Event "*** Titled Tuesday Blitz"]
[Site "Chess.com"]
[Date "2020.04.07"]
[Round "1"]
[White "bsnsun"]
[Black "Oleksandr_Bortnyk"]
[Result "0-1"]
[WhiteElo "2485"]
[BlackElo "2986"]
[TimeControl "180+1"]
[EndTime "13:08:59 PDT"]
[Termination "Oleksandr_Bortnyk won on time"]

1. Nf3 Nf6 2. c4 b6 3. g3 Bb7 4.
Bg2 g6 5. O-O Bg7 6. d4 O-O 7.
Qc2 e6 8. Nc3 d5 9. Bg5 Nbd7 10.
cxd5 exd5 11. Ne5 Re8 12. Nxd5 Nxe5 13. Nxf6+ Bxf6 14. Bxf6 Qxf6 15. dxe5 Qxe5 16. Bxb7 Rab8 17. Bf3 c5 18. Rad1 h5 19. Rd7 Qe6 20. Rfd1 h4 21. R1d6 Qf5 22. Be4 Qxe4 23. Qxe4 Rxe4 24. Rxa7 hxg3 25.
hxg3 Rxe2 26. Rdd7 Rf8 27. b3 b5 28. Rdc7 Rc2 29.
Ra5 Rb8 30. Raa7 Rf8 31. a4 c4 32. bxc4 bxc4 33. Rab7 c3 34. Rb3 Ra2 35. Rbxc3 Rxa4 36. Rb3 Ra6 37. Rbb7 Rf6 38. Kg2 Rd8 39. Rb3 Rd2 40. Rf3 Kg7 41. Rxf6 Kxf6 42. Rc6+ Kg5 43. Kf3 Rd3+ 44. Ke2 Ra3 45. Rc5+ f5 46. Rc6 Kh5 47.
Rc5 Kg4 48. Rc4+ Kh3 49. Rc6 g5 50. Rc5 f4 51. gxf4 gxf4 52. f3 Ra2+ 53. Ke1 Kg2 54. Rc3 Ra7 55. Rc2+ Kxf3 56. Rc3+ Kg2 57. Rc2+ Kg3 58.
Rc8 Ra1+ 59. Kd2 f3 60. Rg8+ Kf2 61. Rf8 Ra7 62. Rf6 Rd7+ 63. Kc2 Rd5 64. Kc3 Ke2 65. Re6+ Kf1 66. Rf6 f2 67. Kc2 Rg5 68. Kc3 Kg2 0-1

[Event "*** Titled Tuesday Blitz"]
[Site "Chess.com"]
[Date "2020.04.07"]
[Round "1"]
[White "awesomevishesh"]
[Black "rasmussvane"]
[Result "1-0"]
[WhiteElo "2476"]
[BlackElo "2860"]
[TimeControl "180+1"]
[EndTime "13:09:00 PDT"]
[Termination "awesomevishesh won on time"]

1. d4 d5 2. c4 e6 3. Nf3 a6 4. Nbd2 dxc4 5. Nxc4 b5 6. Nce5 Bb7 7. a4 Nd7 8. Nxd7 Qxd7 9. Ne5 Bb4+ 10. Bd2 Qxd4 11. Nd3 Bxd2+ 12. Qxd2 Nf6 13. e3 Qd6 14. axb5 axb5 15.
Rxa8+ Bxa8 16. Qa5 O-O 17. Qxb5 Rd8 18. f3 Bc6 19. Qb4 Qd7 20. Be2 Nd5 21. Qc5 Qd6 22. Qxd6 cxd6 23. e4 Nb6 24. Nb4 Be8 25. Kd2 Kf8 26.
Rc1 Rb8 27. Nd3 Ke7 28. b4 Kd8 29. f4 Bb5 30. Nb2 Bd7 31. Nd3 Bc8 32. Nb2 Nd7 33. b5 Nc5 34. Ke3 Bd7 35. Nc4 Ke7 36. Na5 Rb6 37. Rb1 f6 38. Kd4 e5+ 39. fxe5 fxe5+ 40. Ke3 Be6 41. Rb2 Kd7 42. Bc4 Bg4 43. Bf1 Kc7 44. Nc4 Rb8 45. b6+ Kd7 46. Rd2 Nb7 47. Nxe5+ Ke7 48.
Nxg4 Nc5 49. Rb2 Na4 50. Rb4 Nxb6 51. Kd4 Kd7 52. Ne3 Kc7 53. Nd5+ Nxd5 54. Rxb8 Ne7 55.
Rh8 h6 56. Bd3 Kd7 57. Rh7 g5 58. e5 Ke6 59. exd6 Kxd6 60. Be4 Ng8 61. Rg7 Nf6 62. Rg6 Ke7 63. Rxh6 Ng4 64. Rh5 Kf6 65. h3 Nf2 66. Rh6+ Kf7 67. Ke5 1-0

[Event "*** Titled Tuesday Blitz"]
[Site "Chess.com"]
[Date "2020.04.07"]
[Round "1"]
[White "Oleg_Papayan"]
[Black "NewBornNow"]
[Result "1-0"]
[WhiteElo "2333"]
[BlackElo "2634"]
[TimeControl "180+1"]
[EndTime "13:09:03 PDT"]
[Termination "Oleg_Papayan won by resignation"]

1. e4 d6 2. d4 Nf6 3. Nc3 e5 4. Nge2 Nbd7 5. f3 c6 6. Be3 h5 7. Qd2 b5 8. a3 Bb7 9. dxe5 dxe5 10.
Ng3 Qc7 11. O-O-O a5 12. Nf5 b4 13. Nb1 g6 14. Nd6+ Bxd6 15. Qxd6 Qxd6 16. Rxd6 Ke7 17. Rd1 Ba6 18. Bxa6 Rxa6 19. Nd2 bxa3 20. bxa3 Rb8 21.
Nc4 Ne8 22. Rd3 f6 23. Rhd1 Rb7 24. g4 hxg4 25. fxg4 g5 26. Bf2 a4 27. Rh3 Nf8 28. Bc5+ Kf7 29. Bxf8 Kxf8 30. Rh8+ Kf7 31. Rxe8 Kxe8 32.
Nd6+ Ke7 33. Nxb7 Rb6 34. Nc5 Rb5 35. Nd3 Rb8 36. Kd2 Rh8 37. Rh1 Rh3 38. Kc3 Kd6 39.
Kb4 Re3 40. Re1 c5+ 41. Kxa4 Rh3 42. Re2 c4 43. Nb4 Kc5 44. Rd2 c3 45. Rd3 Rxh2 46. Rxc3+ Kd4 47. Rf3 Kxe4 48. Rxf6 Rg2 49. Kb5 Rxg4 50.
a4 Rg1 51. a5 g4 52. c4 g3 53. a6 Ra1 54. Rg6 Kf3 55. c5 g2 56. c6 g1=Q 57.
Rxg1 Rxg1 58. c7 Rg8 59. Nc6 e4 60. Nd8 Rg5+ 61. Kb6 e3 62. c8=Q e2 63. Qh3+ Rg3 64. Qf5+ Ke3 65. Qe5+ Kf2 66. a7 Rb3+ 67. Kc5 Ra3 68.
Qf4+ Kg2 69. Qe4+ Kf2 70. Qf5+ Kg2 71. Qg5+ Kf2 72. Qh4+ Kg2 73. Qe1 Kf3 74. Nc6 Rxa7 75.
Nxa7 Ke3 76. Nb5 Kd3 77. Nc3 Kc2 78. Qxe2+ 1-0

[Event "*** Titled Tuesday Blitz"]
[Site "Chess.com"]
[Date "2020.04.07"]
[Round "1"]
[White "Andro2"]
[Black "rpragchess"]
[Result "0-1"]
[WhiteElo "2423"]
[BlackElo "2803"]
[TimeControl "180+1"]
[EndTime "13:09:05 PDT"]
[Termination "rpragchess won on time"]

1. e4 c5 2. Nf3 e6 3. d4 cxd4 4. Nxd4 a6 5. Nc3 Qc7 6. Qd3 Nf6 7. a3 Nc6 8. Nxc6 dxc6 9. Qg3 Qxg3 10. hxg3 e5 11.
Be3 Ng4 12. Bb6 Be6 13. f3 Nf6 14. O-O-O Nd7 15. Bf2 O-O-O 16. g4 f6 17. Be2 h6 18. Na4 b5 19. Nb6+ Nxb6 20. Bxb6 Rxd1+ 21. Rxd1 Be7 22. a4 Kb7 23. a5 c5 24. b3 Kc6 25. Kb2 Bd6 26. c3 Bc7 27. Bxc7 Kxc7 28. b4 Kc6 29. Kc2 Rc8 30. Kd2 Kd6 31. Ke3+ Ke7 32. Kd2 Kf7 33. Rc1 Kg6 34. Ke3 cxb4 35. Kd2 b3 36. g3 h5 37.
gxh5+ Kxh5 38. f4+ Kg6 39. f5+ Bxf5 40. exf5+ Kxf5 41.
Bd3+ e4 42. Bb1 Ke5 43. Ke3 f5 44. Kd2 g5 45. Rh1 Rd8+ 46. Ke2 Rc8 47. Kd2 Rc4 48. Rh8 Ra4 49. Kc1 Rxa5 50. Kb2 Ra4 51. Re8+ Kd5 52. Rd8+ Ke5 53. Re8+ Kf6 54. Rg8 f4 55.
Rf8+ Ke5 56. gxf4+ gxf4 57. Re8+ Kf5 58. Rf8+ Kg4 59.
Rg8+ Kf3 60. Re8 e3 61. c4 Rxc4 62. Bg6 Kf2 63. Bh5 f3 64. Kxb3 e2 65. Re7 e1=Q 66. Rxe1 Kxe1 67. Bxf3 a5 68. Bb7 Rc5 69. Ka3 b4+ 70.
Ka4 Kd2 71. Be4 Kc3 72. Bb1 b3 73. Ka3 b2 74. Ka2 Re5 75. Ka3 Re1 76. Ka2 a4 0-1

[Event "*** Titled Tuesday Blitz"]
[Site "Chess.com"]
[Date "2020.04.07"]
[Round "1"]
[White "SmirnovTimofey2000"]
[Black "CzechmVIII"]
[Result "0-1"]
[WhiteElo "2521"]
[BlackElo "2227"]
[TimeControl "180+1"]
[EndTime "13:09:05 PDT"]
[Termination "CzechmVIII won on time"]

1. e4 c5 2. Nf3 d6 3. d4 cxd4 4. Nxd4 Nf6 5. Nc3 g6 6. Be3 Bg7 7. f3 Nc6 8. Qd2 O-O 9. g4 Be6 10. Nxe6 fxe6 11. O-O-O Ne5 12. Be2 Qc8 13. Nb5 Nc4 14.
Bxc4 Qxc4 15. Nc3 Nd7 16. Qd3 Rac8 17. Bd4 Bxd4 18. Qxd4 Qxd4 19. Rxd4 Rxf3 20. h4 Ne5 21. h5 Nxg4 22. hxg6 hxg6 23. Rg1 Ne5 24. Rb4 b6 25. Ra4 a5 26. a3 Kg7 27. Rd4 Rc4 28. Rd2 Rfxc3 29.
bxc3 Rxe4 30. Rd4 Re2 31. Kb2 d5 32. Rb1 Nc4+ 33. Kc1 Re1+ 34. Rd1 Re3 35. Rd3 Re1+ 36. Rd1 Re2 37. Rd3 g5 38. Rb5 Kg6 39. Kd1 Rg2 40.
a4 g4 41. Rd4 Kg5 42. Rxc4 g3 43. Rc8 Rf2 44. Ke1 Rxc2 45. Rxb6 g2 46. Rg8+ Kf4 47.
Rxe6 Kf3 48. Rf8+ Kg3 49. Rg6+ Kh2 50. Rh8+ Kg1 51. Rf8 Rxc3 52. Kd2 Ra3 53. Rg4 Ra2+ 54. Kc3 Rf2 55. Rfg8 e5 56. R8g5 d4+ 57. Kd3 Kf1 58. Rxe5 g1=Q 59. Rxg1+ Kxg1 60. Rxa5 Rf4 61. Rd5 Rf3+ 62.
Kxd4 Ra3 63. a5 Kf2 64. Re5 Kf3 65. Kc4 Kf4 66. Rd5 Ke4 0-1

[Event "*** Titled Tuesday Blitz"]
[Site "Chess.com"]
[Date "2020.04.07"]
[Round "1"]
[White "tacticthunder"]
[Black "Misticpikachu"]
[Result "0-1"]
[WhiteElo "2539"]
[BlackElo "2223"]
[TimeControl "180+1"]
[EndTime "13:09:06 PDT"]
[Termination "Misticpikachu won by checkmate"]

1. e4 c5 2. Nf3 Nc6 3. d4 cxd4 4. Nxd4 Nf6 5. Nc3 e6 6. Ndb5 Bb4 7. a3 Bxc3+ 8. Nxc3 d5 9. exd5 exd5 10. Bd3 O-O 11. O-O d4 12. Ne2 Bg4 13. b4 Bxe2 14. Bxe2 a6 15. Bb2 Qb6 16. Bd3 Rfe8 17. Re1 Rxe1+ 18. Qxe1 Re8 19. Qd2 Qc7 20. Re1 Rxe1+ 21. Qxe1 h6 22. h3 Qf4 23. g3 Qd6 24. Bc1 Ne5 25. Bf4 Nf3+ 26. Kf1 Qxf4 27. gxf4 Nxe1 28. Kxe1 Kf8 29. Ke2 Ke7 30. Kf3 Kd6 31. Be4 Nd5 32. h4 b6 33. Bd3 a5 34. bxa5 bxa5 35. Bc4 f5 36.
Ba6 Ne7 37. h5 Kc5 38. Ke2 Nd5 39. Kf3 Ne7 40. Bd3 Kd5 41. Ke2 Ke6 42. Bc4+ Kd6 43. Kd3 Kc5 44. Be6 Nd5 45. Bxf5 Nxf4+ 46. Ke4 Nxh5 47. Ke5 Nf6 48. Bd3 Nd5 49. Kf5 Ne7+ 50. Ke6 Nd5 51. Ke5 g5 52. Kf5 Nf4 53. Kg4 Nxd3 54.
cxd3 Kd5 55. Kh5 Ke5 56. Kxh6 Kf4 57. Kh5 g4 58. a4 Kf3 59. Kg5 Kxf2 60. Kxg4 Ke3 61.
Kf5 Kxd3 62. Ke5 Kc3 63. Kd5 d3 64. Kc5 d2 65. Kb5 d1=Q 66. Kxa5 Qd8+ 67. Kb5 Kb3 68. a5 Qa8 69. a6 Ka3 70. Kb6 Ka4 71. a7 Kb4 72.
Ka6 Kc5 73. Ka5 Qxa7# 0-1

[Event "*** Titled Tuesday Blitz"]
[Site "Chess.com"]
[Date "2020.04.07"]
[Round "1"]
[White "GMKrikor"]
[Black "ama18"]
[Result "0-1"]
[WhiteElo "2796"]
[BlackElo "2448"]
[TimeControl "180+1"]
[EndTime "13:09:12 PDT"]
[Termination "ama18 won by resignation"]

1. e4 c5 2. Nf3 d6 3. d4 cxd4 4. Nxd4 Nf6 5. Nc3 a6 6. a3 Nc6 7. Nb3 g6 8. f3 Bg7 9. Be3 O-O 10.
Qd2 b5 11. Be2 Be6 12. Nd5 Rc8 13. O-O Bxd5 14. exd5 Ne5 15. Na5 Qc7 16. c4 bxc4 17. Rac1 Rb8 18. Nxc4 Qb7 19. Nxe5 dxe5 20. Rfd1 Rfd8 21.
Bc4 Qxb2 22. Qd3 Qb7 23. Rb1 Qa8 24. Rxb8 Rxb8 25. Bxa6 Nxd5 26. Qxd5 Qxa6 27. Bc5 e6 28. Qd2 h5 29. h3 Qc6 30. Bb4 e4 31. fxe4 Qxe4 32.
Qd7 Qb7 33. Qxb7 Rxb7 34. Rd8+ Kh7 35. Kf1 Bf6 36. Rd3 Be7 37. Rb3 Bxb4 38. axb4 e5 39. Ke2 f5 40. Kd3 Kg7 41. b5 Kf6 42. Kc4 e4 43. Kd5 Rb6 44. Kc5 Rb8 45. Kd6 Rd8+ 46.
Kc7 Rd3 47. Rb2 Rc3+ 48. Kd6 Rd3+ 49. Kc5 Rc3+ 50. Kd4 Rc8 51. b6 Ke6 52. b7 Rb8 53. Kc5 Kd7 54. Kb6 Kd6 55. Rd2+ Ke5 56. Kc7 Rxb7+ 57.
Kxb7 e3 58. Rd8 Ke4 59. Kc6 f4 60. Kd6 f3 61. Re8+ Kd3 62. gxf3 e2 63. Rxe2 Kxe2 64. Ke5 Kxf3 65. Kf6 Kg3 66. Kxg6 h4 67. Kg5 Kxh3 68. Kf4 Kg2 69. Kg4 h3 70. Kf4 h2 71. Ke3 h1=Q 72. Kf4 Qh3 73. Ke5 Qf3 74. Kd4 0-1

[Event "*** Titled Tuesday Blitz"]
[Site "Chess.com"]
[Date "2020.04.07"]
[Round "1"]
[White "DDTerziev04"]
[Black "ZWISCHENZUGGED"]
[Result "1-0"]
[WhiteElo "2235"]
[BlackElo "2554"]
[TimeControl "180+1"]
[EndTime "13:09:12 PDT"]
[Termination "DDTerziev04 won by resignation"]

1. e4 c5 2. Nf3 e6 3. g3 d5 4.
exd5 exd5 5. d4 Nf6 6. Bg2 Be7 7. O-O O-O 8. c3 Nc6 9. Bg5 Bg4 10. dxc5 Ne5 11. Nbd2 Bxc5 12. Qb3 Nxf3+ 13. Nxf3 h6 14. Bxf6 Qxf6 15. Qxd5 b6 16. Qe5 Rad8 17. Qxf6 gxf6 18. Rad1 Be6 19. b4 Be7 20. a3 Rc8 21. Rc1 Bc4 22.
Rfe1 Bd6 23. Bf1 Bd5 24. Red1 Bxf3 25. Rxd6 Kg7 26. c4 Rc7 27. Rc3 Bb7 28. Rd4 Rfc8 29. Re3 Ba6 30. b5 Bb7 31. Re1 Bf3 32. Re3 Bb7 33.
Re1 Rc5 34. Red1 R8c7 35. Rd7 Be4 36. R1d4 Bf5 37. Rxc7 Rxc7 38. f4 Be6 39. Kf2 Kf8 40. Ke3 Ke7 41. a4 Rc5 42. Kd2 h5 43. Kc3 h4 44.
Bd3 hxg3 45. hxg3 Rh5 46. Re4 f5 47. Re3 Kf6 48. Kd4 Rh8 49. Kc3 Rc8 50. Re2 Rg8 51.
Re3 Rd8 52. Re2 Rd7 53. Re3 Rc7 54. Re2 Kg6 55. Re5 Rc8 56. Re3 Kh5 57. Be2+ Kh6 58. Bd3 Rg8 59. Kb4 Rc8 60. Kc3 Kg6 61. Re2 Kf6 62.
Re3 Rh8 63. Kb4 Rh1 64. c5 bxc5+ 65. Kxc5 Rc1+ 66. Kb4 Rd1 67. Bc2 Rd4+ 68. Kc3 Rd7 69. Kb4 Rc7 70. Bb3 Bxb3 71. Kxb3 Rc1 72. Kb4 Rb1+ 73.
Ka5 Ra1 74. Rd3 Ra2 75. Rd4 Ke6 76. Ka6 Ra3 77. Kxa7 Rxg3 78. b6 Rb3 79. b7 Ra3 80.
b8=Q 1-0

[Event "*** Titled Tuesday Blitz"]
[Site "Chess.com"]
[Date "2020.04.07"]
[Round "1"]
[White "ChainsOfFantasia"]
[Black "troisi"]
[Result "0-1"]
[WhiteElo "2492"]
[BlackElo "2037"]
[TimeControl "180+1"]
[EndTime "13:09:12 PDT"]
[Termination "troisi won by resignation"]

1. d4 Nf6 2. Nf3 e6 3. c4 d5 4.
g3 a6 5. cxd5 exd5 6. Bg2 Bd6 7.
O-O h6 8. Nc3 O-O 9. Bf4 b5 10.
Bxd6 Qxd6 11. Ne5 Bb7 12. e3 Nbd7 13. Nd3 Rac8 14. Rc1 c5 15. dxc5 Nxc5 16. Nxc5 Rxc5 17. Ne2 Rfc8 18. Qd2 Ng4 19. Rxc5 Rxc5 20. b3 Ne5 21.
Rc1 g5 22. h3 Qc7 23. Rxc5 Qxc5 24. Qd4 Qxd4 25. Nxd4 Nd7 26. Kf1 Ne5 27. Nf5 Nd3 28.
Bxd5 Bxd5 29. Ne7+ Kf8 30. Nxd5 Nc1 31. Nc7 Nxa2 32. Nxa6 Nc1 33. Nc7 b4 34. Nd5 Nxb3 35. Nxb4 Kg7 36. Ke2 Nc5 37. Nd3 Ne4 38. Kf3 Nf6 39.
g4 Kg6 40. Nc5 Nd5 41. Nd7 Nc3 42. Ne5+ Kg7 43. Nd3 Nd5 44. Ke4 Nc3+ 45. Kd4 Nb5+ 46.
Ke5 Nc7 47. f4 gxf4 48. exf4 Ne6 49. Nc5 Nxc5 50. h4 Nd7+ 51. Kf5 Nf8 52. h5 Ne6 53. g5 Nd4+ 54. Ke5 Nf3+ 55. Kf5 Nh4+ 56. Kg4 Ng2 57. Kf5 Ne3+ 58. Ke4 Nc4 59. Kf5 Nd6+ 60. Ke5 Ne8 61. Kf5 Kh7 62. Ke5 Kg7 63. Kf5 f6 64. gxh6+ Kxh6 65. Ke6 Kxh5 66. Ke7 Kg4 67. Kxe8 Kxf4 68. Ke7 f5 69. Ke6 Ke4 0-1

[Event "*** Titled Tuesday Blitz"]
[Site "Chess.com"]
[Date "2020.04.07"]
[Round "1"]
[White "LyonBeast"]
[Black "SahaNeelash"]
[Result "1-0"]
[WhiteElo "3001"]
[BlackElo "2486"]
[TimeControl "180+1"]
[EndTime "13:09:14 PDT"]
[Termination "LyonBeast won by resignation"]

1. b3 e5 2. Bb2 Nc6 3. g3 Nf6 4. Bg2 d5 5. e3 Bd6 6. d3 O-O 7. h3 Be6 8. Ne2 Qd7 9. Nd2 Rae8 10.
a3 Ne7 11. c4 c6 12. Qc2 Bb8 13. e4 Ng6 14. Nf3 dxe4 15. dxe4 h6 16. Rd1 Qc8 17. h4 Bg4 18. O-O Bh3 19. Nh2 Bxg2 20. Kxg2 Ng4 21.
Bc1 Nxh2 22. Kxh2 Qe6 23. f3 Rd8 24. Be3 Qe7 25. b4 Rxd1 26. Rxd1 Rd8 27. Nc1 Rd7 28. Nb3 b6 29. c5 b5 30. h5 Nf8 31. Na5 Qe6 32. Rxd7 Nxd7 33. Qb3 Qxb3 34. Nxb3 Bc7 35. g4 Kf8 36. Kg3 Ke7 37. f4 f6 38. Kf3 Ke6 39.
g5 fxg5 40. fxg5 hxg5 41. Bxg5 Nf8 42. Kg4 Nh7 43. Bh4 Nf8 44. Nd2 Kf7 45. Nf3 Ne6 46. Bg3 Kf6 47. Bf2 Nf4 48. Bh4+ Kf7 49. Bg3 Nd3 50. Kf5 a5 51. Bxe5 Bd8 52. Bc3 axb4 53.
axb4 Bc7 54. e5 Ke7 55. e6 Nf4 56. Nd4 Nxh5 57. Nxc6+ Ke8 58. Nd4 Nf4 59. Nxb5 g6+ 60. Ke4 Nxe6 61. Nd4 Nd8 62. Kd5 Kd7 63. b5 Kc8 64.
Ne6 Nxe6 65. Kxe6 g5 66. Bd4 g4 67. c6 Bh2 68. b6 g3 69. Be5 1-0

[Event "*** Titled Tuesday Blitz"]
[Site "Chess.com"]
[Date "2020.04.07"]
[Round "1"]
[White "sorrm8thatscheckm8"]
[Black "Bryakin_Mikhail"]
[Result "1-0"]
[WhiteElo "2421"]
[BlackElo "2747"]
[TimeControl "180+1"]
[EndTime "13:09:18 PDT"]
[Termination "sorrm8thatscheckm8 won by checkmate"]

1. d4 d5 2. c4 c6 3. Nf3 Nf6 4. Qc2 dxc4 5. Qxc4 Bf5 6. g3 e6 7. Bg2 Be7 8. O-O Nbd7 9. e3 O-O 10. Qe2 Ne4 11.
Nc3 Nxc3 12. bxc3 Be4 13. Bh3 c5 14. Nd2 Bc6 15. a4 b6 16. Bg2 Bxg2 17. Kxg2 Qc7 18. Bb2 Nf6 19. e4 Rfd8 20. Rfc1 Rac8 21. h4 c4 22. f4 h5 23. e5 Ng4 24. Ne4 Qc6 25. Kg1 g6 26. Re1 Kg7 27. Ba3 Bxa3 28. Rxa3 Qd5 29.
Ra2 Rc7 30. Rb2 Qc6 31. Rb4 Rd5 32. Nd6 Rxd6 33. exd6 Qxd6 34. Rxc4 Rd7 35. Rb4 Qd5 36. Qe4 Qa2 37. Qg2 Qa3 38. Qb2 Qxb2 39. Rxb2 Rc7 40. Rb3 Rc4 41. Ra1 Ne3 42. a5 Nd5 43.
axb6 axb6 44. Raa3 Kf6 45. Kf2 Kf5 46. Ke2 Ke4 47.
Kd2 Rc7 48. Ra1 Rc6 49. Re1+ Kf5 50. Re5+ Kg4 51. Rg5+ Kh3 52. Kd3 Nf6 53. c4 Ng4 54.
d5 Rd6 55. Kd4 Rd8 56. Rxb6 exd5 57. cxd5 Kxg3 58. d6 Kxh4 59. Kc5 Nf6 60. Kc6 Rc8+ 61. Kb7 Rc1 62. Rgb5 Rd1 63. Rc6 Kg4 64. Rb4 Kf5 65.
Rc5+ Ke6 66. Rc6 Kf5 67. d7 Nxd7 68. Kc8 Nf8 69. Rb5+ Kg4 70. Rc4 f5 71. Rb6 Nd7 72.
Rxg6+ Kh4 73. Rg5 Nf8 74. Rc2 Ne6 75. Rh2# 1-0